 Dungeon Crawl Stone Soup version 0.30-a0-779-g7971cf19c3 (webtiles) character file.

Game seed: 6402107592802796304

9052 Lavandula the Carver (level 11, -15/80 HPs)
             Began as a Human Monk on Feb 17, 2023.
             Was a Priest of Elyvilon.
             Demolished by a boulder beetle (20 damage)
             ... on level 10 of the Dungeon.
             The game lasted 00:23:27 (13979 turns).

Lavandula the Carver (Human Monk)                  Turns: 13979, Time: 00:23:27

Health: -15/80     AC: 11    Str: 15    XL:     11   Next: 67%
Magic:  13/15      EV: 18    Int: 10    God:    Elyvilon [***...]
Gold:   635        SH:  0    Dex: 17    Spells: 6/10 levels left

rFire   + . .      SeeInvis .    I - +3 long sword
rCold   . . .      Faith    +    (no shield)
rNeg    . . .      Spirit   .    L - +0 steam dragon scales
rPois   .          Reflect  .    u - +0 helmet
rElec   .          Harm     .    s - +1 cloak
rCorr   .          Rampage  .    P - +0 pair of gloves
Will    .....                    (no boots)
Stlth   ++                       f - amulet of faith
HPRegen 0.33/turn                A - ring of protection from fire
MPRegen 0.14/turn                M - +5 ring of evasion

@: no status effects
A: no striking features
a: Renounce Religion, Purification, Heal Other, Heal Self


You were on level 10 of the Dungeon.
You worshipped Elyvilon.
Elyvilon was most pleased with you.
You visited 2 branches of the dungeon, and saw 12 of its levels.

You collected 635 gold pieces.

Inventory:

Hand Weapons
 D - a +0 whip of venom
 E - a +1 rapier of draining
 I - a +3 long sword (weapon)
Missiles
 i - 11 poisoned darts (quivered)
 k - 7 boomerangs
 p - 9 javelins
Armour
 s - a +1 cloak (worn)
 u - a +0 helmet (worn)
 L - +0 steam dragon scales (worn)
 P - a +0 pair of gloves (worn)
Jewellery
 f - an amulet of faith (around neck)
 y - an amulet of guardian spirit
 A - a ring of protection from fire (left hand)
 B - a ring of positive energy
 M - a +5 ring of evasion (right hand)
Wands
 e - a wand of polymorph (4)
 o - a wand of flame (24)
 t - a wand of charming (6)
 w - a wand of mindburst (14)
 K - a wand of iceblast (6)
Scrolls
 b - a scroll of blinking {unknown}
 h - a scroll of poison
 m - 3 scrolls of fear
 q - 3 scrolls of enchant weapon
 r - 2 scrolls of vulnerability
 v - 2 scrolls of fog {unknown}
 C - a scroll of acquirement {unknown}
 F - a scroll of torment {unknown}
 H - a scroll of enchant armour {unknown}
 N - a scroll of amnesia {unknown}
Potions
 a - 3 potions of degeneration {unknown}
 c - 2 potions of ambrosia
 d - 3 potions of resistance
 g - 3 potions of brilliance
 j - a potion of heal wounds {unknown}
 l - a potion of cancellation {unknown}
 n - 5 potions of curing
 x - a potion of attraction {unknown}
 z - 2 potions of mutation {unknown}
 G - 2 potions of haste {unknown}
 J - a potion of flight {unknown}
 O - a potion of lignification


   Skills:
 - Level 5.6 Fighting
 + Level 12.2 Long Blades
 - Level 3.6 Throwing
 - Level 7.0 Armour
 - Level 3.0 Dodging
 - Level 2.0 Stealth
 - Level 5.2 Summonings
 - Level 6.4 Invocations
 - Level 3.4 Evocations


You had 6 spell levels left.
You knew the following spells:

 Your Spells              Type           Power      Damage    Failure   Level
a - Summon Ice Beast      Ice/Summ       5%         N/A       78%         4

Your spell library contained the following spells:

 Spells                   Type           Power      Damage    Failure   Level
 Ensorcelled Hibernation  Hex/Ice        0%         N/A       50%         2
 Static Discharge         Conj/Air       0%         2-2/arc   50%         2
 Sublimation of Blood     Necr           0%         N/A       50%         2
 Wereblood                Tmut           0%         N/A       50%         2
 Ignite Poison            Fire/Tmut/Pois 0%         N/A       75%         3
 Kindle Blastsparks       Fire/Tloc/Air  0%         2d10      75%         3
 Spider Form              Tmut/Pois      0%         N/A       75%         3
 Vhi's Electric Charge    Tloc/Air       0%         N/A       75%         3
 Anguish                  Hex/Necr       0%         N/A       98%         4
 Petrify                  Tmut/Erth      0%         N/A       98%         4
 Summon Mana Viper        Hex/Summ       5%         N/A       98%         5
 Arcjolt                  Conj/Air       0%         1d10      100%        5
 Freezing Cloud           Conj/Ice/Air   0%         6-21      100%        5
 Irradiate                Conj/Tmut      0%         3d11      100%        5
 Lightning Bolt           Conj/Air       0%         1d11      100%        5
 Monstrous Menagerie      Summ           5%         N/A       100%        7
 Summon Hydra             Summ           5%         N/A       100%        7


Dungeon Overview and Level Annotations

Branches:
Dungeon (10/15)            Temple (0/1) D:7            Lair (2/5) D:8
  Swamp (0/4) Lair:2
  Snake: Lair:2-3    Spider: Lair:2-3       Orc: D:9-12

Altars:
Dithmenos
Elyvilon
Fedhas
Kikubaaqudgha
Ru
Sif Muna
Vehumet

Shops:
D:9 (

Annotations:
D:4 1 runed translucent door, Crazy Yiuf
D:9 exclusion: downstairs
Lair:2 exclusion: oklob plant


Message History

r - Retreat! s - Stop attacking. g - Guard the area. f - Follow me.
Anything else - Cancel.
Gang up on whom?
Press: ? - help, Dir - move target, f - boulder beetle, p - two-headed ogre
Aim: a boulder beetle (rolling) Attack!
The boulder beetle hits your two-headed ogre!
The boulder beetle stops rolling and uncurls.
Your two-headed ogre hits the boulder beetle but does no damage.
Your two-headed ogre hits the boulder beetle with a +0 giant club!
The boulder beetle curls into a ball and begins rolling!
Your two-headed ogre hits the boulder beetle but does no damage.
Your two-headed ogre hits the boulder beetle with a +0 giant club!
The boulder beetle hits your two-headed ogre!!!
Your two-headed ogre dies!
The boulder beetle stops rolling and uncurls.
The boulder beetle curls into a ball and begins rolling!
Okay, then.
You feel better. The boulder beetle barely misses you.
The boulder beetle stops rolling and uncurls.
As you open the door, it creaks loudly! The boulder beetle barely misses you.
There is an open door here.
The boulder beetle attacks as you move away!
The boulder beetle bites you!
* * * LOW HITPOINT WARNING * * *
The boulder beetle attacks as you move away!
The boulder beetle bites you!
* * * LOW HITPOINT WARNING * * *
Things that are here:
a +0 giant club; a +0 giant club; a two-headed ogre corpse
Okay, then.
Press: ? - help, Dir - move target, f/p - boulder beetle Heal: a boulder beetle (moderately wounded, chance to pacify: 51%)
Press: ? - help, Dir - move target, f/p - boulder beetle Heal: a boulder beetle (moderately wounded, chance to pacify: 51%)
The light of Elyvilon fails to reach the boulder beetle.
The boulder beetle bites you!!
You die...

........#
........#
..!....<######
............g#
...##.#.####g#
. #..#).# #g#
#.# #.#. #g#
#. #.#.##.## .
#@##.#..# #
#B##.##.# .
'.+.'.....#
###$
#.#.##.####
#.#. #.#.##.#
#.##.#B#.#○##
#.##.#.#.#°#
#.# #..#..##
#.####.#.##


You could see a boulder beetle.

Vanquished Creatures
  An elephant (Lair:2)
  Joseph (Lair:1)
  Maggie (Lair:1)
  A cane toad (Lair:1)
  A wyvern (D:7)
  12 yaks
  A basilisk (Lair:1)
  A steam dragon (D:9)
  Grum (D:7)
  Duvessa (D:7)
  A water moccasin (Lair:1)
  A sky beast (D:7)
  2 black bears (D:4)
  2 ice beasts
  3 ogres
  3 centaurs
  5 wolves
  A kobold brigand (D:7)
  2 bullfrogs
  2 scorpions
  A necrophage (D:2)
  10 wights
  Dowan (D:7)
  7 killer bees (D:8)
  3 howler monkeys
  2 hounds (D:6)
  An orc priest (D:7)
  A gnoll bouda (D:7)
  An iguana (D:6)
  Ijyb (D:4)
  8 orc wizards
  7 gnolls
  6 adders
  An ufetubus (D:6)
  5 worms
  2 dart slugs
  12 orcs
  2 endoplasms
  A giant cockroach (D:2)
  14 goblins
  7 hobgoblins
  3 jackals (D:1)
  A training dummy (D:9)
  9 ball pythons
  2 bats (D:3)
  2 frilled lizards
  15 kobolds
  3 rats (D:1)
171 creatures vanquished.

Vanquished Creatures (collateral kills)
  A gnoll bouda (D:10)
  3 gnolls (D:10)
4 creatures vanquished.

Vanquished Creatures (others)
  A two-headed ogre (D:10)
  4 yaks
  A wolf (Lair:1)
  2 killer bees (D:8)
  A gnoll (D:10)
  A shadow imp (D:7)
  A fungus (Lair:1)
  A plant (D:3)
12 creatures vanquished.

Grand Total: 187 creatures vanquished

Notes
Turn   | Place    | Note
-------+----------+-------------------------------------------
     0 | D:1      | Lavandula the Human Monk began the quest for the Orb.
     0 | D:1      | Reached XP level 1. HP: 18/18 MP: 1/1
   250 | D:1      | Reached XP level 2. HP: 17/24 MP: 2/2
   583 | D:1      | Reached skill level 4 in Long Blades
   583 | D:1      | Reached XP level 3. HP: 29/29 MP: 3/3
  1192 | D:2      | Noticed a necrophage
  1201 | D:2      | Killed a necrophage
  1202 | D:2      | Reached skill level 5 in Long Blades
  1202 | D:2      | Reached XP level 4. HP: 18/35 MP: 4/4
  1202 | D:2      | Reached XP level 5. HP: 22/41 MP: 5/5
  1642 | D:2      | Found a faded altar of an unknown god.
  1756 | D:3      | Found an ancient bone altar of Kikubaaqudgha.
  2357 | D:3      | Noticed a centaur
  2374 | D:3      | Killed a centaur
  2375 | D:3      | Reached skill level 6 in Long Blades
  2375 | D:3      | Reached XP level 6. HP: 40/47 MP: 6/6
  3099 | D:4      | Found a runed translucent door.
  3100 | D:4      | Noticed Crazy Yiuf
  3174 | D:4      | Noticed a black bear
  3185 | D:4      | Killed a black bear
  3186 | D:4      | Reached skill level 7 in Long Blades
  3213 | D:4      | Noticed an ogre
  3532 | D:4      | Noticed a black bear
  3549 | D:4      | Killed a black bear
  3550 | D:4      | Reached XP level 7. HP: 24/52 MP: 7/7
  3901 | D:4      | Noticed Ijyb
  3920 | D:4      | Killed Ijyb
  4495 | D:5      | Entered Level 5 of the Dungeon
  4510 | D:5      | Found a white marble altar of Elyvilon.
  4577 | D:5      | Became a worshipper of Elyvilon the Healer
  4577 | D:5      | Reached * piety under Elyvilon
  4577 | D:5      | Reached ** piety under Elyvilon
  4956 | D:5      | Found a sacrificial altar of Ru.
  5245 | D:5      | Reached XP level 8. HP: 36/58 MP: 8/8
  5439 | D:5      | Reached skill level 8 in Long Blades
  5592 | D:5      | Reached *** piety under Elyvilon
  5736 | D:6      | Reached skill level 1 in Invocations
  5847 | D:6      | Found a shadowy altar of Dithmenos.
  6192 | D:6      | Found a radiant altar of Vehumet.
  6264 | D:6      | Noticed a yak
  6264 | D:6      | Noticed a yak
  6296 | D:6      | Killed a yak
  6297 | D:6      | Reached skill level 5 in Invocations
  6302 | D:6      | Killed a yak
  6303 | D:6      | Reached XP level 9. HP: 63/63 MP: 11/13
  6460 | D:6      | Reached skill level 9 in Long Blades
  6484 | D:6      | Elyvilon protects you from harm!
  7155 | D:7      | Noticed Dowan
  7156 | D:7      | Noticed Duvessa
  7168 | D:7      | Killed Dowan
  7170 | D:7      | Killed Duvessa
  7480 | D:7      | Reached skill level 5 in Fighting
  7652 | D:7      | Reached skill level 1 in Armour
  7665 | D:7      | Reached XP level 10. HP: 23/75 MP: 9/14
  7872 | D:7      | Found a staircase to the Ecumenical Temple.
  8257 | D:7      | Found a shimmering blue altar of Sif Muna.
  8300 | D:7      | Reached skill level 5 in Armour
  8644 | D:8      | Found a staircase to the Lair.
  8916 | D:7      | Learned a level 4 spell: Summon Ice Beast
  8975 | D:8      | Reached skill level 1 in Summonings
  8977 | D:8      | Noticed Grum
  9442 | D:7      | Elyvilon protects you from harm!
  9936 | D:7      | Killed Grum
 10439 | D:8      | Reached skill level 5 in Summonings
 10784 | D:8      | Reached skill level 10 in Long Blades
 10784 | D:8      | Reached XP level 11. HP: 72/78 MP: 15/15
 11025 | D:8      | HP: 2/80 [killer bee (5)]
 11701 | D:9      | Found Sulittag's Firing Range.
 11723 | D:9      | Noticed a two-headed ogre
 11731 | D:9      | Noticed a centaur warrior
 11733 | D:9      | HP: 3/80 [yak (9)]
 12052 | D:9      | Reached skill level 1 in Evocations
 12238 | Lair:1   | Entered Level 1 of the Lair of Beasts
 12271 | Lair:1   | Noticed Maggie
 12290 | Lair:1   | Killed Maggie
 12588 | Lair:1   | Noticed Joseph
 12612 | Lair:1   | Killed Joseph
 12613 | Lair:1   | Reached skill level 11 in Long Blades
 12643 | Lair:1   | HP: 4/80 [wolf (2)]
 13694 | Lair:2   | Noticed a four-headed hydra
 13695 | Lair:2   | Pacified a four-headed hydra
 13764 | Lair:2   | Found a blossoming altar of Fedhas.
 13767 | Lair:2   | Noticed an oklob plant
 13793 | Lair:2   | Found a staircase to the Swamp.
 13802 | Lair:2   | Noticed an elephant
 13829 | Lair:2   | Killed an elephant
 13830 | Lair:2   | Reached skill level 12 in Long Blades
 13880 | D:9      | Noticed a boulder beetle
 13881 | D:10     | Entered Level 10 of the Dungeon
 13912 | D:10     | Noticed a two-headed ogre
 13978 | D:10     | HP: 4/80 [boulder beetle (8)]
 13979 | D:10     | Demolished by a boulder beetle

Illustrated notes

Levels and vault maps discovered:
D:1:      minmay_arrival_stair_chambers, layout_loops_ring,
          dreamdust_princess_corridor, chequers_serial_rivers_large_b
D:2:      layout_basic, hellmonk_ecumenical_altar_inner_sanctum, st_stairs_10
D:3:      layout_loops_ring, kiku_gazebo_pond_becter, serial_forest,
          infiniplex_forest_corner_2, infiniplex_forest_lined_ring,
          infiniplex_forest_clump_cross, infiniplex_forest_zigzag_1,
          infiniplex_forest_end_3, infiniplex_forest_end_2,
          infiniplex_forest_lined_room_, item_on_display_a
D:4:      kennysheep_the_goblin_king, layout_loops_ring, solitary_fountain,
          uniq_crazy_yiuf_cottage
D:5:      layout_cave_pods, nicolae_ru_the_path_less_chosen, old_standard_altar,
          nrook_mini_backslash, minmay_a_box_with_orc_wizards_in_it
D:6:      layout_cave_pools, kennysheep_mini, lemuel_crystal_altar
D:7:      layout_rooms, led_sif_pool, minmay_temple_entry_mist, uniq_duvessa
D:8:      layout_loops_ring, lair_entry_dummy, uniq_grum
D:9:      minmay_cut_squares, layout_rooms,
          grunt_temple_overflow_order_and_chaos_2, gammafunk_ghost_hydra_chop,
          nicolae_shop_firing_range
D:10:     layout_rooms, serial_shops, nicolae_shop_window_shopping,
          interstate_on_off, uniq_urug
Lair:1:   layout_chaotic_city, serial_bayou_shore_b, uniq_joseph, uniq_maggie
Lair:2:   layout_chaotic_city, swamp_mist, hangedman_tree_tricks, st_stairs_3,
          serial_bayou_pond_a

Skill      XL: |  1  2  3  4  5  6  7  8  9 10 11 |
---------------+----------------------------------+-----
Long Blades    | 4 5 6 7 8 9 10 12 | 12.2
Throwing       | 2 3 |  3.6
Invocations    | 6 |  6.4
Fighting       | 5 |  5.6
Armour         | 2 7 |  7.0
Summonings     | 5 |  5.2
Evocations     | 3 |  3.4
Dodging        | |  3.0
Stealth        | |  2.0

Action                     |  1- 3 |  4- 6 |  7- 9 | 10-12 || total
---------------------------+-------+-------+-------+-------++-------
  Melee: Falchion          |    83 |   144 |   335 |   218 ||   780
         Punch             |     1 |     4 |     5 |     2 ||    12
         Long sword        |       |       |       |   156 ||   156
  Throw: Dart              |     5 |     5 |    25 |    37 ||    72
         Boomerang         |     1 |     2 |     7 |     1 ||    11
         Javelin           |       |     5 |    21 |     8 ||    34
 Invoke: Heal Other        |       |       |     3 |    21 ||    24
         Heal Self         |       |       |     2 |     1 ||     3
         Purification      |       |       |       |     1 ||     1
  Evoke: Wand              |       |       |       |     9 ||     9
    Use: Potion            |     1 |     1 |       |     2 ||     4
         Scroll            |       |     7 |       |     2 ||     9
   Stab: Sleeping          |     4 |       |     2 |       ||     6
 Armour: Ring mail         |    19 |    56 |   104 |    74 ||   253
         Robe              |     3 |       |       |       ||     3
         Skin              |       |    17 |       |       ||    17
         Steam dragon scal |       |       |       |    29 ||    29
  Dodge: Dodged            |    48 |    87 |   177 |   259 ||   571

Table legend: (Time is in decaauts)
 A = Elapsed time spent in this place.
 B = Non-inter-level travel time spent in this place.
 C = Inter-level travel time spent in this place.
 D = Time resting spent in this place.
 E = Time spent auto-exploring this place.
 F = Levels seen in this place.
 G = Mean time per level.
                   A        B        C        D        E       F      G
               +--------+--------+--------+--------+--------+-----+--------+
         Total |  13933 |  13204 |    729 |   3978 |   6904 |  12 | 1161.1 |
       Dungeon |  12335 |  11654 |    681 |   3569 |   5982 |  10 | 1233.5 |
          Lair |   1597 |   1550 |     47 |    409 |    921 |   2 |  798.5 |
               +--------+--------+--------+--------+--------+-----+--------+

Top non-repeatable levels by time:
     D:7: 2592 daAuts
     D:6: 1826 daAuts
     D:4: 1748 daAuts
     D:8: 1644 daAuts
  Lair:1: 1464 daAuts
     D:5: 1274 daAuts
     D:3: 1120 daAuts
     D:2: 928 daAuts
     D:1: 836 daAuts
     D:9: 271 daAuts
  Lair:2: 133 daAuts
    D:10: 93 daAuts
